 Dungeon Crawl Stone Soup version 0.26.1-2-gb8aa6d0cf2 (webtiles) character file.

Game seed: 11428961900826133420

856 hawla the Conjurer (level 7, -2/36 HPs)
             Began as a Deep Elf Conjurer on Feb 15, 2021.
             Slain by Duvessa
             ... wielding a +0 short sword
              (8 damage)
             ... on level 4 of the Dungeon.
             The game lasted 00:12:27 (4431 turns).

hawla the Conjurer (Deep Elf Conjurer)              Turns: 4431, Time: 00:12:27

Health: -2/36      AC:  4    Str:  4    XL:     7   Next: 70%
Magic:  11/17      EV: 14    Int: 25    God:
Gold:   173        SH:  0    Dex: 13    Spells: 5/17 levels left

rFire    + . .     SeeInvis .   h - +1 whip (flame)
rCold    . . .     Faith    .   (no shield)
rNeg     . . .     Spirit   .   a - +0 robe
rPois    +         Reflect  .   s - +1 helmet of the World {rPois rF+ Stlth+}
rElec    .         Harm     .   (no cloak)
rCorr    .         Rampage  .   (no gloves)
Will     .....                  (no boots)
Stlth    +++.......             (no amulet)
HPRegen  0.12/turn              r - +4 ring of slaying
MPRegen  0.15/turn              (no ring)

@: very slightly contaminated, invisible
A: no striking features
a: no special abilities


You were on level 4 of the Dungeon.
You visited 1 branch of the dungeon, and saw 5 of its levels.

You collected 173 gold pieces.

Inventory:

Hand Weapons
 h - a +1 whip of flaming (weapon)
Missiles
 c - 7 atropa-tipped darts
 g - 5 curare-tipped darts
 j - 18 poisoned darts
Armour
 a - a +0 robe (worn)
 s - the +1 helmet of the World (worn) {rPois rF+ Stlth+}
   (You took it off Robin on level 3 of the Dungeon)

   It protects you from fire.
   It protects you from poison.
   It makes you more stealthy.
Jewellery
 i - an uncursed amulet of faith
 r - a +4 ring of slaying (left hand)
Wands
 d - a wand of iceblast (4)
 q - a wand of acid (2)
Scrolls
 b - a scroll of random uselessness {unknown}
 k - a scroll of fear {unknown}
 o - a scroll of remove curse


   Skills:
 - Level 0.1 Fighting
 - Level 0.1 Throwing
 - Level 5.0 Dodging
 - Level 2.4 Stealth
 + Level 5.8 Spellcasting
 * Level 6.9 Conjurations
 - Level 2.9 Translocations
 + Level 0.0 Transmutations
 + Level 3.8 Fire Magic
 - Level 0.1 Evocations


You had 5 spell levels left.
You knew the following spells:

 Your Spells              Type           Power        Failure   Level
a - Magic Dart            Conj           100%         1%          1
b - Searing Ray           Conj           84%          1%          2
c - Iskenderun's Mystic   Conj/Tloc      32%          10%         4
d - Irradiate             Conj/Tmut      12%          45%         5

Your spell library contained the following spells:

 Spells                   Type           Power        Failure   Level
 Dazzling Flash           Conj/Hex       48%          5%          3
 Sublimation of Blood     Necr           3%           12%         2
 Ignite Poison            Fire/Tmut/Pois 13%          13%         3
 Fulminant Prism          Conj/Hex       12%          19%         4
 Petrify                  Tmut/Erth      7%           58%         4
 Alistair's Intoxication  Tmut/Pois      4%           91%         5
 Eringya's Noxious Bog    Tmut/Pois      3%           100%        6


Dungeon Overview and Level Annotations

Branches:
Dungeon (5/15)             Temple (0/1) D:4

Altars:
Cheibriados
Dithmenos
Fedhas

Annotations:
D:4 Duvessa


Message History

Dowan barely misses you. Duvessa closely misses you.
You are very lightly contaminated with residual magic.
As you read the scroll of teleportation, it crumbles to dust.
You feel strangely unstable. Dowan misses you.
Duvessa hits you but does no damage.
Your surroundings suddenly seem different.
Dowan casts a spell at Duvessa.
Duvessa seems to speed up.
Duvessa completely misses you. Duvessa hits you with a +0 short sword.
* * * LOW HITPOINT WARNING * * *
Casting: Searing Ray (safe; 1% risk of failure)
Confirm with . or Enter, or press ? or * to list all spells.
The spell is quite dangerous to cast (10% risk of failure)!
Continue anyway?
You erupt in a blast of force!
The mystic blast hits Dowan!
You kill Dowan!
Duvessa weeps, then rights herself and shakes her weapon.
The mystic blast hits Duvessa but does no damage.
Duvessa hits you with a +0 short sword!
You die...

*,***********#.# *,* #.# *,*
#.# *,* ##########.# *,*
#$..(......############# *,*
#....†.>................ *,*
#....).....############# *,*
#......e....).....* *,*
#......@...##..##.* *,*
#######+#........e* *,*
*,#.........**
*,*********,##...###..,*
*,,,,,,,,,,,*#.)##.##.,*
***********,*##.#._.#,******
*,,,,,,,,,,+*......,*,,,,,
*,*******,****,,,,,**,****
*,* *,**,**,,,***,****


You could see Duvessa (fast).

Vanquished Creatures
  Pikel (D:4)
  Menkaure (D:4)
  3 lemures (D:4)
  Dowan (D:4)
  A howler monkey (D:4)
  A centaur skeleton (D:4)
  Robin (D:3)
  4 gnolls (D:2)
  6 adders
  A white imp (D:5)
  3 worms
  A dart slug (D:3)
  2 leopard geckos
  7 orcs (D:3)
  15 giant cockroaches
  16 goblins
  10 hobgoblins
  2 quokkas
  A ball python (D:1)
  6 bats
  4 frilled lizards
  8 kobolds
  9 rats
104 creatures vanquished.

Vanquished Creatures (others)
  A withered plant (D:5)
1 creature vanquished.

Grand Total: 105 creatures vanquished

Notes
Turn   | Place    | Note
-------+----------+-------------------------------------------
     0 | D:1      | hawla the Deep Elf Conjurer began the quest for the Orb.
     0 | D:1      | Reached XP level 1. HP: 10/10 MP: 6/6
   327 | D:1      | Reached XP level 2. HP: 15/15 MP: 6/8
   468 | D:1      | You fall into a shaft and drop 1 floor!
   836 | D:1      | Learned a level 2 spell: Searing Ray
   966 | D:1      | Reached skill level 1 in Fire Magic
  1143 | D:2      | Reached XP level 3. HP: 19/19 MP: 5/10
  1436 | D:2      | Reached XP level 4. HP: 24/24 MP: 6/12
  1443 | D:2      | Reached skill level 5 in Conjurations
  1599 | D:2      | Found a blossoming altar of Fedhas.
  2384 | D:3      | Found a snail-covered altar of Cheibriados.
  2387 | D:3      | Reached XP level 5. HP: 28/28 MP: 8/13
  2446 | D:3      | Learned a level 4 spell: Iskenderun's Mystic Blast
  3331 | D:3      | Identified the +1 helmet of the World {rPois rF+ Stlth+}
  3331 | D:3      | Noticed Robin
  3464 | D:3      | Killed Robin
  3672 | D:4      | Reached skill level 1 in Translocations
  3836 | D:4      | Reached XP level 6. HP: 29/32 MP: 9/15
  3976 | D:4      | Noticed Pikel
  3999 | D:4      | Killed Pikel
  4000 | D:4      | Reached skill level 5 in Dodging
  4000 | D:4      | Reached skill level 5 in Spellcasting
  4000 | D:4      | Reached skill level 6 in Conjurations
  4000 | D:4      | Reached XP level 7. HP: 20/36 MP: 2/17
  4000 | D:4      | Noticed Menkaure
  4005 | D:4      | Killed Menkaure
  4287 | D:4      | Noticed Duvessa
  4287 | D:4      | Noticed Dowan
  4288 | D:4      | Found a shadowy altar of Dithmenos.
  4326 | D:5      | Entered Level 5 of the Dungeon
  4337 | D:5      | Learned a level 5 spell: Irradiate
  4431 | D:4      | Killed Dowan
  4431 | D:4      | Slain by Duvessa

Illustrated notes

Levels and vault maps discovered:
D:1:      evilmike_arrival_crescent, layout_loops_cross, chequers_avenue
D:2:      wander_river, layout_loops_ring, fedhas_altar_fruit_tree
D:3:      minmay_roachtagon, layout_rooms, kennysheep_slug_shrine, uniq_robin
D:4:      layout_basic, nicolae_dithmenos_through_a_glass_darkly,
          minmay_temple_entry_enclosed_plants, uniq_menkaure, uniq_natasha,
          uniq_duvessa, uniq_pikel
D:5:      cheibrodos_helix_gallery, layout_loops_ring,
          yredelemnul_altar_generic, basic_altar

Skill      XL: |  1  2  3  4  5  6 |
---------------+-------------------+-----
Fire Magic     | 1 2 3 |  3.8
Dodging        | 3 4 5 |  5.0
Spellcasting   | 4 5 |  5.8
Conjurations   | 5 6 |  6.9
Translocations | 1 2 |  2.9
Fighting       | |  0.1
Throwing       | |  0.1
Stealth        | |  2.4
Evocations     | |  0.1

Action                   |  1- 3 |  4- 6 |  7- 9 || total
-------------------------+-------+-------+-------++-------
Melee: Whip              |       |     9 |       ||     9
 Cast: Magic Dart        |    51 |    24 |     3 ||    78
       Searing Ray       |     3 |    39 |     5 ||    47
       Iskenderun's Myst |       |       |     1 ||     1
Evoke: Wand              |       |       |     1 ||     1
  Use: Scroll            |     2 |     9 |     1 ||    12
       Potion            |       |     3 |     3 ||     6
Armor: Robe              |       |     5 |       ||     5
       Skin              |       |     4 |       ||     4
Dodge: Dodged            |       |    23 |    10 ||    33
